 Dungeon Crawl Stone Soup version 0.30-a0-297-g0ec75d9ef4 (webtiles) character file.

Game seed: 13462244682820352181

12131 scionoferis the Fighter (level 12, -1/83 HPs)
             Began as a Human Hexslinger on Oct 18, 2022.
             Was a Believer of Hepliaklqana.
             Shot with an arrow by a centaur warrior (20 damage)
             ... on level 9 of the Dungeon.
             The game lasted 00:39:02 (9547 turns).

scionoferis the Fighter (Human Hexslinger)          Turns: 9547, Time: 00:39:03

Health: -1/83      AC: 13    Str: 19    XL:     12   Next: 16%
Magic:  17/21      EV: 15    Int: 19    God:    Hepliaklqana [**....]
Gold:   790        SH:  0    Dex: 13    Spells: 19/23 levels left

rFire   + . .      SeeInvis +    a - +3 woodcutter's axe {vorpal}
rCold   + . .      Faith    .    (shield currently unavailable)
rNeg    . . .      Spirit   .    o - +1 leather armour of the Eternal Fruit {Drain rPois Str+8 SInv}
rPois   +          Reflect  .    L - +0 helmet
rElec   .          Harm     .    U - scarf {rC+ rF+}
rCorr   .          Rampage  .    c - +0 pair of gloves
Will    .....                    i - +0 pair of boots
Stlth   +.........               (no amulet)
HPRegen 0.33/turn                m - +4 ring of protection
MPRegen 0.17/turn                p - ring of wizardry

@: no status effects
A: reduced essence
a: Renounce Religion, Recall Ancestor, Ancestor Identity


You were on level 9 of the Dungeon.
You worshipped Hepliaklqana.
Hepliaklqana was pleased with you.
You visited 2 branches of the dungeon, and saw 10 of its levels.
You also visited: Ossuary.

You collected 790 gold pieces.

Inventory:

Hand Weapons
 a - the +3 woodcutter's axe (weapon) {vorpal}
   (You found it on level 4 of the Dungeon)

   It inflicts extra damage upon your enemies.
 b - a +1 sling
 v - a +0 quarterstaff
 y - a +1 dagger of protection
 J - a +0 shortbow
 M - a +2 dagger of venom
Missiles
 e - 22 boomerangs
 k - 6 datura-tipped darts
 O - 5 poisoned darts (quivered)
 S - 3 throwing nets
 T - a curare-tipped dart
Armour
 c - a +0 pair of gloves (worn)
 d - a +2 buckler
 i - a +0 pair of boots (worn)
 l - a +2 robe of the Archmagi
 o - the +1 leather armour of the Eternal Fruit (worn) {Drain rPois Str+8 SInv}
   (You found it on level 3 of the Dungeon)

   Str:       It affects your strength (+8).
   rPois:     It protects you from poison.
   SInv:      It lets you see invisible.
   Drain:     It drains your maximum health when unequipped.
 A - a +4 scale mail
 K - the +1 robe of Nyvvuv {rElec Dex+5}
   (You found it on level 8 of the Dungeon)

   Dex:       It affects your dexterity (+5).
   rElec:     It insulates you from electricity.
 L - a +0 helmet (worn)
 N - +0 steam dragon scales
 P - a +0 leather armour of fire resistance
 R - the +1 ring mail of the Realm of Zot {+Blink rCorr Str+4}
   (You found it on level 9 of the Dungeon)

   Str:       It affects your strength (+4).
   +Blink:    It lets you blink.
   rCorr:     It protects you from acid and corrosion.
 U - a scarf of resistance (worn)
Magical Staves
 C - a staff of air
Jewellery
 m - a +4 ring of protection (left hand)
 p - a ring of wizardry (right hand)
Wands
 Q - a wand of polymorph (13)
Scrolls
 f - 2 scrolls of vulnerability
 g - a scroll of magic mapping
 n - a scroll of enchant armour
 q - 2 scrolls of butterflies
 r - a scroll of poison
 w - 5 scrolls of teleportation
 x - a scroll of immolation
 E - 3 scrolls of fear {unknown}
 G - 2 scrolls of amnesia
 I - a scroll of brand weapon
Potions
 h - 2 potions of cancellation
 j - 6 potions of heal wounds {unknown}
 s - 5 potions of curing
 t - a potion of lignification {unknown}
 u - a potion of berserk rage {unknown}
 z - 3 potions of attraction {unknown}
 B - a potion of flight {unknown}
 D - a potion of resistance
 F - 5 potions of might {unknown}
 H - a potion of mutation {unknown}


   Skills:
 + Level 8.2 Fighting
 - Level 2.0 Ranged Weapons
 + Level 8.2 Armour
 + Level 8.1 Dodging
 - Level 6.0 Spellcasting
 - Level 3.0 Hexes
 - Level 8.0 Summonings
 + Level 7.5 Invocations


You had 19 spell levels left.
You knew the following spells:

 Your Spells              Type           Power      Damage    Failure   Level
a - Slow                  Hex            68%        N/A       1%          1
b - Call Canine Familiar  Summ           36%        N/A       1%          3

Your spell library contained the following spells:

 Spells                   Type           Power      Damage    Failure   Level
 Summon Small Mammal      Summ           100%       N/A       1%          1
 Summon Guardian Golem    Hex/Summ       26%        N/A       1%          3
 Beastly Appendage        Tmut           10%        N/A       5%          1
 Wereblood                Tmut           5%         N/A       8%          2
 Inner Flame              Hex/Fire       11%        N/A       9%          3
 Portal Projectile        Hex/Tloc       22%        N/A       9%          3
 Spider Form              Tmut/Pois      5%         N/A       16%         3
 Cause Fear               Hex            8%         N/A       16%         4
 Leda's Liquefaction      Hex/Erth       5%         N/A       26%         4


Dungeon Overview and Level Annotations

Branches:
Dungeon (9/15)             Temple (1/1) D:6         Ossuary (visited)
   Lair: D:8-11         Orc: D:9-12

Altars:
Ashenzari
Cheibriados
Dithmenos
Elyvilon
Fedhas
Gozag
Hepliaklqana
Kikubaaqudgha
Makhleb
Nemelex Xobeh
Okawaru
Qazlal
Ru
Sif Muna
Trog
Uskayaw
Vehumet
Wu Jian
Xom
Yredelemnul
Zin
The Shining One

Shops:
D:9 (


Message History

The centaur warrior completely misses your butterfly.
The centaur warrior kicks your butterfly.
Your butterfly dies!
Your butterfly disappears in a burst of colours!
You swap places.
The centaur warrior misses your butterfly.
The centaur warrior closely misses your butterfly.
You swap places.
The centaur warrior hits your butterfly!
Your butterfly dies!
Your butterfly disappears in a burst of colours!
The centaur warrior hits your butterfly!
Your butterfly dies!
Your butterfly disappears in a burst of colours!
The centaur warrior barely misses your butterfly.
The centaur warrior kicks your butterfly.
Your butterfly dies!
Your butterfly disappears in a burst of colours!
The centaur warrior hits your butterfly!
Your butterfly dies!
Your butterfly disappears in a burst of colours!
The centaur warrior misses your butterfly. x2
The centaur warrior hits your butterfly.
Your butterfly dies!
Your butterfly disappears in a burst of colours!
The centaur warrior barely misses your butterfly.
The centaur warrior kicks your butterfly.
Your butterfly dies!
Your butterfly disappears in a burst of colours!
The centaur warrior hits your butterfly.
Your butterfly dies!
Your butterfly disappears in a burst of colours!
Eris emerges from the mists of memory!
The centaur warrior wields a +0 shortbow.
The centaur warrior shoots an arrow.
The arrow closely misses you.
Your butterfly disappears in a burst of colours!
Things that are here:
a +0 robe; a +3 trident The centaur warrior shoots an arrow.
The arrow hits you!!
You die...

#.......#........#...###.......#.
#.......#............##........#.
##...................##........#.
#..........#..........#........##
#..!.....###..........#..........
.........###..........#..........
..........#..........#...........
..........#..........#....#....##
................@....#....#.)..##
.............8[[[....+......))...
..8........[[8..#...##......)....
..............[............)#####
...........c########....#...#...#
..........#.............#...##..#
..........#..b..........#..O#....
.............bbbbb....###...####.
.............b.b......###...#....


You could see a centaur warrior.

Vanquished Creatures
  Harold (D:9)
  A cyclops (D:9)
  2 unseen horror zombies (D:9)
  A kobold demonologist (D:9)
  Psyche (D:8)
  A troll (D:9)
  A hornet (D:9)
  A wraith (D:9)
  5 yaks
  2 wyverns (D:9)
  A steam dragon (D:6)
  An acid dragon (D:8)
  A water moccasin (D:6)
  A black bear (D:5)
  A hornet zombie (D:9)
  An orc warrior (D:8)
  2 centaurs
  An ogre (D:8)
  A kobold brigand (D:9)
  A necrophage (D:5)
  3 gnoll sergeants
  5 bullfrogs
  4 scorpions
  5 wights (D:9)
  A howler monkey (D:7)
  3 centaur zombies
  2 human zombies (Ossuary)
  A hound (D:4)
  5 orc priests
  3 jellies
  A gnoll bouda (D:8)
  3 iguanas
  4 orc wizards
  2 mummies (Ossuary)
  5 adders
  15 gnolls
  3 shadow imps
  2 white imps
  An ufetubus (D:4)
  2 dart slugs
  36 orcs
  3 bats
  An endoplasm (D:3)
  2 giant cockroaches
  A gnoll zombie (Ossuary)
  8 goblins
  3 hobgoblins
  10 jackals
  5 quokkas
  3 ball pythons
  3 frilled lizards
  A goblin zombie (Ossuary)
  A hobgoblin zombie (Ossuary)
  8 kobolds
  2 rats (D:1)
184 creatures vanquished.

Vanquished Creatures (collateral kills)
  A death knight (D:9)
  2 two-headed ogres (D:9)
  2 deep elf pyromancers (D:9)
  2 orc sorcerers (D:9)
  Maggie (D:8)
  A tengu conjurer (D:9)
  Prince Ribbit (D:7)
  3 yaks
  A steam dragon (D:9)
  A bullfrog (D:8)
  A necrophage (D:8)
  A scorpion (D:5)
  5 wights (D:9)
  2 howler monkeys (D:8)
  A centaur zombie (D:9)
  2 hounds (D:5)
  A human zombie (Ossuary)
  An orc priest (D:8)
  3 orc wizards
  2 mummies (Ossuary)
  5 gnolls
  9 orcs
  3 kobolds (D:9)
51 creatures vanquished.

Vanquished Creatures (others)
  A water moccasin (D:8)
  6 hexers (D:9)
  2 ancestors
  2 withered plants (D:9)
11 creatures vanquished.

Grand Total: 246 creatures vanquished

Notes
Turn   | Place    | Note
-------+----------+-------------------------------------------
     0 | D:1      | scionoferis the Human Hexslinger began the quest for the
                  | Orb.
     0 | D:1      | Reached XP level 1. HP: 15/15 MP: 2/2
    82 | D:1      | Reached XP level 2. HP: 21/21 MP: 3/3
   259 | D:1      | Reached skill level 1 in Armour
   259 | D:1      | Reached XP level 3. HP: 27/27 MP: 4/4
   779 | D:2      | Reached XP level 4. HP: 34/34 MP: 5/5
   784 | D:2      | Learned a level 3 spell: Call Canine Familiar
  1063 | D:3      | Found a hide-covered altar of Uskayaw.
  1063 | D:3      | Found a shimmering altar of Xom.
  1063 | D:3      | Found a sacrificial altar of Ru.
  1065 | D:3      | Identified the +1 leather armour of the Eternal Fruit
                  | {Drain rPois Str+8 SInv}
  1151 | D:3      | Found a burning altar of Makhleb.
  1526 | D:3      | Found an ornate altar of the Wu Jian Council.
  1590 | D:4      | Found the +3 woodcutter's axe {vorpal}
  1611 | D:4      | Reached skill level 1 in Summonings
  1611 | D:4      | Reached XP level 5. HP: 39/41 MP: 6/6
  2024 | D:4      | Reached XP level 6. HP: 47/47 MP: 8/8
  2133 | D:4      | Found a glowing silver altar of Zin.
  2356 | D:5      | Entered Level 5 of the Dungeon
  2403 | D:5      | Noticed a black bear
  2424 | D:5      | Reached XP level 7. HP: 53/54 MP: 6/10
  3210 | D:6      | Noticed a steam dragon
  3227 | D:6      | Killed a steam dragon
  3228 | D:6      | Reached XP level 8. HP: 42/61 MP: 9/12
  3229 | D:6      | Reached skill level 5 in Fighting
  3264 | D:6      | HP: 2/62 [scorpion (4)]
  3296 | D:6      | Found a sand-covered staircase.
  3302 | Ossuary  | Entered an ossuary
  4141 | D:6      | Found a staircase to the Ecumenical Temple.
  4149 | Temple   | Entered the Ecumenical Temple
  4269 | Temple   | Became a worshipper of Hepliaklqana the Forgotten
  4311 | D:6      | Reached skill level 5 in Summonings
  4424 | D:6      | Reached XP level 9. HP: 57/68 MP: 11/14
  4597 | D:6      | Reached skill level 1 in Invocations
  4865 | D:7      | Reached skill level 5 in Dodging
  5054 | D:7      | Found a basalt altar of Yredelemnul.
  5185 | D:7      | Reached * piety under Hepliaklqana
  5207 | D:7      | Noticed Prince Ribbit
  5231 | D:7      | Killed Prince Ribbit
  5862 | D:8      | Reached skill level 5 in Armour
  5952 | D:8      | Noticed Psyche
  5982 | D:8      | Killed Psyche
  6119 | D:8      | Identified the +1 robe of Nyvvuv {rElec Dex+5}
  6172 | D:8      | Reached XP level 10. HP: 55/66 MP: 13/16
  6340 | D:8      | Found a sparkling altar of Nemelex Xobeh.
  6386 | D:8      | Reached ** piety under Hepliaklqana
  6401 | D:8      | Noticed Maggie
  6405 | D:8      | Remembered your ancestor Eris as a hexer
  6412 | D:8      | Killed Maggie
  6773 | D:8      | Reached skill level 5 in Spellcasting
  7315 | D:9      | Identified the +1 ring mail of the Realm of Zot {+Blink
                  | rCorr Str+4}
  7576 | D:9      | Reached skill level 5 in Invocations
  7576 | D:9      | Reached XP level 11. HP: 73/73 MP: 15/19
  7857 | D:9      | Found Vihoczin's Weapon Boutique.
  8022 | D:9      | Noticed a deep elf pyromancer
  8024 | D:9      | Noticed an orc sorcerer
  8028 | D:9      | Killed a deep elf pyromancer
  8036 | D:9      | Killed an orc sorcerer
  8110 | D:9      | Identified the +2 hand axe of Classification {freeze,
                  | Contam rCorr Str+6 SInv}
  8110 | D:9      | Noticed an orc sorcerer
  8110 | D:9      | Noticed a deep elf pyromancer
  8116 | D:9      | Killed an orc sorcerer
  8132 | D:9      | Killed a deep elf pyromancer
  8321 | D:9      | Noticed a two-headed ogre
  8483 | D:9      | Noticed Harold
  8689 | D:9      | Killed Harold
  8732 | D:9      | Killed a two-headed ogre
  8798 | D:9      | Noticed a cyclops
  8808 | D:9      | Killed a cyclops
  9031 | D:9      | Noticed a two-headed ogre
  9109 | D:9      | Reached XP level 12. HP: 78/82 MP: 21/21
  9137 | D:9      | Noticed a death knight
  9201 | D:9      | Killed a death knight
  9422 | D:9      | Killed a two-headed ogre
  9453 | D:9      | Noticed a centaur warrior
  9453 | D:9      | Noticed a seven-headed hydra
  9547 | D:9      | Shot with an arrow by a centaur warrior

Illustrated notes

Levels and vault maps discovered:
D:1:      psy_arrival_heroes, layout_basic, minmay_misc_feat_plants,
          chequers_serial_rivers_micro_b
D:2:      layout_rooms, minmay_misc_feat_chi, hangedman_decor_push
D:3:      layout_basic, general_overflow_altar,
          nicolae_overflow_quartered_altars, nrook_campfire
D:4:      layout_basic, zin_statuary
D:5:      layout_loops_ring
D:6:      layout_basic, minmay_temple_entry_glassed_door,
          lightli_ossuary_entry_decrepit_ruins
D:7:      layout_loops_corners, mainiacjoe_overflow_24_doors,
          uniq_prince_ribbit1
D:8:      layout_loops_ring, lemuel_doored_altar, special_room
          [special_room_orc], uniq_psyche, uniq_maggie
D:9:      minmay_the_grid_3x2 [minmay_the_grid_dragon_b,
          minmay_the_grid_all_tris, minmay_the_grid_slots,
          minmay_the_grid_spikes, minmay_the_grid_tri_star,
          minmay_the_grid_prize_shrinking_boxes], layout_basic, serial_undead,
          serial_undead_d, serial_undead_f, serial_undead_c, serial_undead_c,
          serial_shops, nicolae_shop_bloodbath_and_beyond, uniq_harold
Temple:   compressed_dpeg_circular_temple

Skill      XL: |  1  2  3  4  5  6  7  8  9 10 11 12 |
---------------+-------------------------------------+-----
Fighting       | 2 3 4 5 6 7 8 |  8.2
Armour         | 1 2 3 4 5 6 8 |  8.2
Summonings     | 1 2 3 5 7 8 |  8.0
Dodging        | 3 4 5 6 7 8 |  8.1
Spellcasting   | 2 3 4 5 6 |  6.0
Invocations    | 3 5 7 |  7.5
Ranged Weapons | |  2.0
Hexes          | |  3.0

Action                   |  1- 3 |  4- 6 |  7- 9 | 10-12 || total
-------------------------+-------+-------+-------+-------++-------
Melee: Quarterstaff      |       |    31 |       |       ||    31
       Battleaxe         |       |    47 |   218 |   210 ||   475
 Fire: Sling             |    92 |    66 |    18 |       ||   176
Throw: Dart              |       |       |     3 |     6 ||     9
       Boomerang         |       |       |     3 |     1 ||     4
 Cast: Call Canine Famil |       |     1 |    30 |    29 ||    60
       Slow              |       |       |       |     5 ||     5
Invok: Recall Ancestor   |       |       |     1 |    11 ||    12
       Ancestor Identity |       |       |     1 |       ||     1
       Ancestor Life: He |       |       |       |     1 ||     1
  Use: Scroll            |       |       |     9 |     2 ||    11
       Potion            |       |       |     4 |       ||     4
 Stab: Distracted        |       |       |       |     2 ||     2
       Confused          |       |       |       |     1 ||     1
Armor: Robe              |    10 |       |       |       ||    10
       Leather armour    |       |    40 |   100 |    68 ||   208
Dodge: Dodged            |    30 |    57 |   137 |   125 ||   349

Table legend: (Time is in decaauts)
 A = Elapsed time spent in this place.
 B = Non-inter-level travel time spent in this place.
 C = Inter-level travel time spent in this place.
 D = Time resting spent in this place.
 E = Time spent auto-exploring this place.
 F = Levels seen in this place.
 G = Mean time per level.
                   A        B        C        D        E       F      G
               +--------+--------+--------+--------+--------+-----+--------+
         Total |   9580 |   9111 |    469 |   1046 |   5674 |  11 |  870.9 |
       Dungeon |   8945 |   8513 |    432 |    859 |   5429 |   9 |  993.9 |
        Temple |    130 |     93 |     37 |      0 |     80 |   1 |  130.0 |
       Ossuary |    504 |    504 |      0 |    187 |    165 |   1 |  504.0 |
               +--------+--------+--------+--------+--------+-----+--------+

Top non-repeatable levels by time:
     D:9: 2125 daAuts
     D:8: 1426 daAuts
     D:7: 1070 daAuts
     D:6: 945 daAuts
     D:5: 936 daAuts
     D:4: 831 daAuts
     D:1: 683 daAuts
 Ossuary: 504 daAuts
     D:3: 503 daAuts
     D:2: 424 daAuts
  Temple: 130 daAuts
